csamy, chaotic male orcish Barbarian --- --.---- |.....| --.....| |..%...| --.....-- .@.--..| R- ----- csamy the Bandit Experience level: 9 Strength: 18/02 Dexterity: 17 Constitution: 18 Intelligence: 7 Wisdom: 8 Charisma: 7 Health: 0(99) Energy: 16(16) AC: 3 Gold: 203 Moves: 4806 Your Inventory: Coins $ - 203 gold pieces Weapons a - an uncursed rusty +0 battle-axe (weapon in hands) b - an uncursed +0 orcish short sword (alternate weapon; not wielded) Armor g - an [uncursed] +0 ring mail (being worn) n - an [uncursed] +0 dwarvish cloak (being worn) o - an [uncursed] +1 pair of iron shoes (being worn) p - an [uncursed] rusty +0 dwarvish iron helm (being worn) Comestibles s - 2 [uncursed] tripe rations B - an [uncursed] tin [of homunculus meat] G - an [uncursed] tripe ration Scrolls C - a cursed scroll of teleportation Rings q - an [uncursed] +1 ring of gain wisdom (on right hand) Tools f - an [uncursed] tin opener h - an [uncursed] stethoscope x - an [uncursed] key [skeleton key] Spells known in the end: Name Level Category Fail Memory Your skills at the end: Fighting Skills bare handed combat [Basic / Master] Weapon Skills axe [Basic / Expert] short sword [Basic / Expert] Spellcasting Skills Final Attributes: You were piously aligned. Hunger level was 568. Your alignment was 33 / 34. Monster difficulty range was 1 - 9. Level difficulty was 9. You were immune to poison. You had infravision. You were a werejackal. You were fast. Your luck was zero. Set was angry with you (1). You are dead. Vanquished creatures: 4 wargs a tengu a giant beetle a cockatrice 3 wolves a horse an ice vortex a brown pudding a raven a rope golem an enormous rat a rock mole a fog cloud a yellow light a shrieker 13 gnome lords 3 gnomish wizards 2 elf zombies a little dog a floating eye 16 dwarves a kobold lord a centipede a werejackal 3 iguanas 2 coyotes 2 gas spores 2 hobbits 3 giant rats 2 cave spiders a brown mold a yellow mold a red mold 58 gnomes 5 garter snakes 4 geckos 6 jackals 2 foxes a kobold 2 goblins 3 sewer rats 4 grid bugs 3 bats 5 lichens 3 newts 172 creatures vanquished. Voluntary challenges: You followed a strict vegan diet. You used a wielded weapon 198 times. You read items or engraved 4 times. You put on armor 6 times. You never genocided any monsters. You never polymorphed an object. You never changed form. You used no wishes. You never wrote Elbereth's name. You encountered 1 bones level. You never used any Sokoban shortcuts. Dungeon overview: The Dungeons of Doom: levels 1 to 3 Level 1 a long staircase Level 3 a general store stairs to The Gnomish Mines The Gnomish Mines: levels 4 to 9 Level 4 stairs to The Dungeons of Doom Level 6 many shops, a temple to Set, a magic chest, some fountains Level 9 <- You were here History has recorded: On T:1 you entered the Dungeons of Doom to retrieve the Amulet of Yendor! On T:466 you reached level 2 of The Dungeons of Doom. On T:495 you advanced to experience level 2. On T:545 you advanced to experience level 3. On T:781 you reached level 3 of The Dungeons of Doom. On T:803 you advanced to experience level 4. On T:864 you advanced to experience level 5. On T:1418 you reached level 1 of The Gnomish Mines. On T:1425 you advanced to experience level 6. On T:2084 you advanced to experience level 7. On T:2612 you reached level 2 of The Gnomish Mines. On T:2941 you reached level 3 of The Gnomish Mines. On T:3051 you advanced to experience level 8. On T:3686 you reached level 4 of The Gnomish Mines. On T:4208 you reached level 5 of The Gnomish Mines. On T:4265 you advanced to experience level 9. On T:4781 you reached level 6 of The Gnomish Mines. Latest messages: The rope golem hits! The rope golem just misses! [HP-3=50] You destroy the rope golem! [HP+1=51] You smite Reddit's ghost! Reddit's ghost touches you! [HP-1=50] The disenchanter hits! [HP-11=39] You miss the disenchanter. (2x) The disenchanter hits! [HP-11=28] You miss the disenchanter. The disenchanter hits! [HP-11=17] You miss the disenchanter. (2x) Reddit's ghost touches you! The disenchanter hits! [HP-12=5] You miss the disenchanter. The disenchanter hits! You die... Final status: Goodbye csamy the Barbarian... You died in The Gnomish Mines on dungeon level 9 with 4423 points, and 203 pieces of gold, after 4806 moves. You were level 9 with a maximum of 99 hit points when you died.